 Dungeon Crawl Stone Soup version 0.17-a0-649-g87edefa (console) character file.

97 hhkb the Gusty (level 4, -5/24 HPs)
             Began as a Tengu Air Elementalist on Apr 17, 2015.
             Was an Initiate of Vehumet.
             Slain by an ogre
             ... wielding a +0 giant spiked club
              (26 damage)
             ... on level 4 of the Dungeon.
             The game lasted 00:11:12 (3116 turns).

hhkb the Gusty (Tengu Air Elementalist)             Turns: 3116, Time: 00:11:12

Health: -5/24      AC:  2    Str:  9    XL:     4   Next: 68%
Magic:  0/9        EV: 12    Int: 16    God:    Vehumet [......]
Gold:   122        SH:  0    Dex: 14    Spells: 4 memorised, 1 level left

rFire  . . .     SeeInvis .     z - +3 whip (venom)
rCold  . . .     Clarity  .     a - +0 robe
rNeg   . . .     SustAb   .     (no shield)
rPois  .         Gourm    .     (helmet restricted)
rElec  .         Spirit   .     (no cloak)
rCorr  .         Warding  .     (no gloves)
rMut   .         Stasis   .     (boots unavailable)
MR     .....                    (no amulet)
Stlth  ++........               (no ring)
                                (no ring)

@: repel missiles, not resistant to hostile enchantments, unstealthy
A: beak, talons 3
a: Renounce Religion


You were on level 4 of the Dungeon.
You worshipped Vehumet.
Vehumet was noncommittal.
You were not hungry.

You visited 1 branch of the dungeon, and saw 4 of its levels.

You collected 122 gold pieces.

Inventory:

Hand weapons
 z - a +3 whip of venom (weapon)
   (You found it on level 1 of the Dungeon)
Armour
 a - a +0 robe (worn)
Scrolls
 d - 2 scrolls of identify
 f - a scroll of amnesia {unknown}
 g - a scroll of recharging
 i - a scroll of teleportation
 j - 2 scrolls of magic mapping {!r}
 m - a scroll of remove curse
 n - a scroll of blinking {unknown}
 p - a scroll of fear {unknown}
 s - a scroll of enchant weapon
 u - a scroll of random uselessness {unknown}
 y - a scroll of immolation {!r}
Potions
 e - a potion of resistance {unknown}
 h - 2 potions of heal wounds
 l - a potion of lignification {unknown}
 r - a potion of curing
 v - a potion of haste {unknown}
Books
 b - a book of Air
Comestibles
 c - 3 bread rations {@e1}
 k - a royal jelly
 o - a meat ration {@e2}
 q - 2 chunks of flesh {@w0}
 w - 2 slices of pizza


   Skills:
 - Level 2.3 Dodging
 - Level 2.0 Stealth
 + Level 3.1 Spellcasting
 - Level 3.1 Conjurations
 - Level 5.0 Air Magic


You had one spell level left.
You knew the following spells:

 Your Spells              Type           Power        Failure   Level  Hunger
a - Shock                 Conj/Air       ###.         4%          1    None
b - Static Discharge      Conj/Air       ###.....     12%         3    ###....
d - Repel Missiles        Chrm/Air       ##....       12%         2    ##.....
s - Swiftness             Chrm/Air       ##......     12%         2    ##.....


Dungeon Overview and Level Annotations

Branches:
Dungeon (4/15)
 Temple: D:4-7

Altars:
Elyvilon
Ru
Vehumet
Yredelemnul
The Shining One

Shops:
D:4 *


Innate Abilities, Weirdness & Mutations

You have a beak for a mouth.
You have claws for feet.


Message History

You kneel at the altar of Vehumet.
Vehumet welcomes you!
There is an open door here.
You open the door.
There is an open door here.
Things that are here:
a short sword; 4 stones You open the door.
Found a glowing golden altar of the Shining One.
Found a white marble altar of Elyvilon.
There is an open door here.
n - a scroll labeled XOSAGO JOESS You now have 122 gold pieces (gained 6).
There is an open door here.
You open the door.
Found a stone staircase leading down.
There is an open door here.
Done exploring.
Done exploring.
Done exploring.
Done exploring.
Done exploring.
Unknown command.
(D) Dungeon
Where to? (Enter - D:3 @ (x,y), ? - help)
There is a stone staircase leading down here.
You climb downwards.
There is a stone staircase leading up here.
You are feeling hungry.
You may need something to eat soon, looking for food.
Can't find anything matching that.
Okay, then.
j - 2 scrolls of magic mapping {!r} (gained 1)
You see here 4 tomahawks.
A jackal skeleton comes into view.
A jackal skeleton is nearby!
The helpless jackal skeleton fails to defend itself.
You whack the jackal skeleton!
You claw the jackal skeleton, but do no damage.
The jackal skeleton closely misses you.
You hit the jackal skeleton.
You destroy the jackal skeleton!
Vehumet accepts your kill.
No target in view!
p - a scroll labeled RALIUF HYER FUCW You may need something to eat soon, looking for food.
Can't find anything matching that.
Okay, then.
You open the door.
A goblin comes into view. It is wielding a club.
A goblin is nearby!
Read which item? (? for menu, Esc to quit)
Okay, then.
You close the door.
Read which item? (? for menu, Esc to quit)
As you read the scroll labeled OMIBBO WUZAIFF, it crumbles to dust.
The air around you briefly surges with heat, but it dissipates.
It was a scroll of immolation.
Read which item? (? for menu, Esc to quit)
As you read the scroll labeled SOINOVEAPH, it crumbles to dust.
It is a scroll of recharging.
You aren't carrying any rechargeable items.
You open the door.
There is an open door here.
The goblin hits you with a club.
You take 1 damage, and have 23/24 hp.
You hit the goblin.
The goblin is poisoned.
You kill the goblin!
Vehumet accepts your kill.
Things that are here:
a club; a goblin corpse You butcher the goblin corpse.
q - 3 chunks of flesh {@w0} You see here a club.
Autoeating chunks.
Eating one of 3 chunks of flesh {@w0}.
You continue eating. x2
Found Menifu's Merry Market.
Health restored: 24
There is an entrance to Menifu's Merry Market here.
Unknown command.
d - 2 scrolls of identify (gained 1)
An ogre comes into view. It is wielding a giant spiked club.
The ogre shouts!
You hear a bark!
An ogre is nearby!
Unknown command.
The ogre is struck by lightning.
The lightning grounds out.
The ogre closely misses you.
You now have 6/9 mp.
Unknown command.
The ogre is struck by lightning.
The lightning grounds out.
You now have 3/9 mp.
The ogre is struck by lightning.
The lightning arcs!
You are struck by lightning.
The lightning grounds out.
The ogre barely misses you.
You take 3 damage, and have 21/24 hp.
You now have 0/9 mp.
You hit the ogre.
The ogre is poisoned.
You peck the ogre, but do no damage.
The ogre hits you with a giant spiked club!!
Ouch! That really hurt!
You die...

... ... ... ...
...######.#
.........#.# #.#.#
#O#.######### #.
#.####@..........# #.
...........#######..
.#.#
########..#.#...#.
..#..
#......#.#.#.#....#..
#............#....#..
#......####)(.....#..
#......# #.####.....
#..∩...####'#...####.
#......#.....#..###..


You could see an ogre.

Vanquished Creatures
  4 adders
  A shadow imp (D:3)
  4 worms (D:2)
  A giant gecko (D:1)
  5 bats
  A giant cockroach (D:3)
  6 goblins
  8 hobgoblins
  4 kobolds
  A quokka (D:2)
  2 giant newts
  A jackal skeleton (D:4)
  6 rats
44 creatures vanquished.

Notes
Turn   | Place    | Note
--------------------------------------------------------------
     0 | D:1      | hhkb, the Tengu Air Elementalist, began the quest for the Orb.
     0 | D:1      | Reached XP level 1. HP: 10/10 MP: 4/4
   232 | D:1      | Reached skill level 2 in Conjurations
   232 | D:1      | Reached XP level 2. HP: 15/15 MP: 1/6
   492 | D:2      | Learned a level 2 spell: Repel Missiles
   495 | D:2      | Learned a level 2 spell: Swiftness
  1125 | D:2      | Reached XP level 3. HP: 19/19 MP: 3/7
  1282 | D:2      | Reached skill level 3 in Conjurations
  1282 | D:2      | Reached skill level 5 in Air Magic
  1848 | D:2      | Reached XP level 4. HP: 24/24 MP: 8/8
  2177 | D:3      | Learned a level 3 spell: Static Discharge
  2342 | D:3      | Reached skill level 3 in Spellcasting
  2357 | D:3      | HP: 6/24 [poisoned by an adder]
  2365 | D:3      | HP: 5/24 [poisoned by an adder]
  2938 | D:3      | Found a radiant altar of Vehumet.
  2938 | D:3      | Found a basalt altar of Yredelemnul.
  2939 | D:3      | Found a sacrificial altar of Ru.
  2946 | D:3      | Became a worshipper of Vehumet
  2972 | D:3      | Found a glowing golden altar of the Shining One.
  2973 | D:3      | Found a white marble altar of Elyvilon.
  3093 | D:4      | Found Menifu's Merry Market.
  3110 | D:4      | Noticed an ogre
  3116 | D:4      | Slain by an ogre

Action                   |  1- 3 |  4- 6 || total
-------------------------+-------+-------++-------
Melee: Whip              |    25 |    34 ||    59
       Unarmed           |     6 |       ||     6
 Cast: Shock             |    46 |     8 ||    54
       Repel Missiles    |     1 |       ||     1
       Static Discharge  |       |     3 ||     3
  Use: Scroll            |       |     8 ||     8
 Stab: Sleeping          |       |     4 ||     4
  Eat: Chunk             |     2 |     6 ||     8

Vault maps used:
D:1:      sevenhm_arrival_forest_fort_small_6
D:3:      gammafunk_temple_overflow_pools, gammafunk_temple_overflow_claw,
          first_bread, minmay_misc_feat_pillars
D:4:      hex_intersection, nicolae_alphabet_shops, uniq_menkaure

Table legend:
 A = Turns spent in this place as a percentage of turns spent in the entire game.
 B = Non-inter-level travel turns spent in this place as a percentage of non-inter-level travel turns spent in the entire game.
 C = Inter-level travel turns spent in this place as a percentage of turns spent in this place.
 D = Turns resting spent in this place as a percentage of non-inter-level travel turns spent in this place.
 E = Turns spent auto-exploring this place as a percentage of non-inter-level travel turns spent in this place.
 F = Non-inter-level travel turns spent in this place divided by the number of levels of this place that you've seen.
                   A       B       C       D       E      F
               +-------+-------+-------+-------+-------+----------------------
         Total | 100.0 | 100.0 |   1.0 |   2.3 |   9.3 | 260.0
       Dungeon | 100.0 | 100.0 |   1.0 |   2.3 |   9.3 | 260.0
               +-------+-------+-------+-------+-------+----------------------

Table legend:
 A = Kills in this place as a percentage of kills in entire the game.
 B = Kills by you in this place as a percentage of kills by you in the entire game.
 C = Kills by friends in this place as a percentage of kills by friends in the entire game.
 D = Other kills in this place as a percentage of other kills in the entire game.
 E = Experience gained in this place as a percentage of experience gained in the entire game.
 F = Experience gained in this place divided by the number of levels of this place that you have seen.
                   A       B       C       D       E      F
               +-------+-------+-------+-------+-------+----------------------
         Total | 100.0 | 100.0 |  -nan |  -nan | 100.0 |  34.8
       Dungeon | 100.0 | 100.0 |  -nan |  -nan | 100.0 |  34.8
               +-------+-------+-------+-------+-------+----------------------
